AoeStats
← FormulaHawk8575

Arena

510147700Analyzed
4v4 RM · 1d ago on Sep 29, 2026· 56m 11s· 8 players
Game mode
Random Map
Map size
Large (8 player)
Population
200
Speed
Normal
Resources
Standard
Victory
Conquest
Starting age
Dark Age
Ending age
Imperial Age
RankedLock teamsTeams togetherTeam positionsShared explorationLock speedFull tech treeHidden civsTurbo modeCheats
Victory
Defeat
🇮🇹 Bohemians · Italy
1161
+14
🇪🇸 Persians · Spain
1161
+14
🇩🇪 Italians · Germany
1159
+14
🇩🇰 Danes · Denmark
1106
+16
🇺🇸 Hindustanis · United States
1163
-17
🇨🇴 Turks · Colombia
1144
-16
🇹🇼 Franks · Taiwan
1077
-13
🇺🇸 Danes · United States
1058
-12
dir singlerebs
10:29 Feudal Age
11:45 Double-Bit Axe
14:56 Castle Age
13:10 Horse Collar
16:29 Wheelbarrow
15:40 Loom
17:59 Bow Saw
17:50 Heavy Plow
24:00 Hand Cart
24:32 Gold Mining
28:04 Thumb Ring
28:35 Stone Mining
29:20 Gold Shaft Mining
29:11 Bloodlines
29:01 Husbandry
31:35 Imperial Age
29:30 Ballistics
29:03 Fletching
29:14 Padded Archer Armor
29:57 Bodkin Arrow
30:15 Loom
31:25 Leather Archer Armor
31:44 Heavy Mounted Crossbowman
31:45 Cranequins
34:45 Chemistry
33:18 Capped Ram
34:58 Northmen's Fury
35:08 Siege Ram
43:38 Heavy Scorpion
45:01 Bracer
45:31 Ring Archer Armor
46:07 Scale Mail Armor
46:18 Forging
45:31 Hamask
48:00 Chain Mail Armor
48:06 Elite Jomsviking
50:01 Plate Mail Armor
50:06 Iron Casting
53:51 Elite Skirmisher
ImFriendly
10:46 Feudal Age
11:44 Horse Collar
11:49 Double-Bit Axe
14:14 Castle Age
15:47 Bow Saw
19:06 Horse Collar
20:54 Heavy Plow
21:06 Loom
22:50 Scale Barding Armor
23:26 Bloodlines
23:31 Forging
23:28 Gold Mining
23:54 Husbandry
25:54 Gold Shaft Mining
25:57 Chain Barding Armor
27:41 Wheelbarrow
29:18 Forging
33:56 Imperial Age
31:41 Hand Cart
31:12 Town Watch
32:36 Iron Casting
34:26 Guilds
33:44 Cavalier
35:07 Plate Barding Armor
35:42 Caravan
37:46 Blast Furnace
37:06 Stone Mining
37:47 Crop Rotation
37:05 Savar
39:20 Fletching
38:52 Light Cavalry
41:14 Stone Shaft Mining
41:04 Conscription
41:11 Citadels
41:17 Heavy Camel Rider
43:03 Bodkin Arrow
43:09 Padded Archer Armor
45:07 Hussar
47:17 Murder Holes
47:51 Kamandaran
50:33 Coinage
ugurito
11:27 Feudal Age
12:31 Double-Bit Axe
15:12 Castle Age
13:03 Horse Collar
13:49 Loom
13:50 Town Watch
16:11 Bow Saw
22:36 Heavy Plow
24:57 Gold Mining
26:53 Wheelbarrow
29:49 Imperial Age
27:28 Fletching
27:58 Scale Mail Armor
28:29 Hand Cart
28:37 Bodkin Arrow
28:53 Forging
28:47 Squires
29:54 Chain Mail Armor
30:11 Padded Archer Armor
31:30 Chemistry
30:58 Conscription
30:28 Elite Genoese Crossbowman
31:45 Bracer
32:32 Plate Mail Armor
32:54 Leather Archer Armor
33:56 Crop Rotation
34:30 Two-Man Saw
34:02 Ballistics
34:36 Iron Casting
34:21 Stone Mining
34:45 Elite Skirmisher
36:39 Pikeman
42:46 Ring Archer Armor
44:46 Thumb Ring
52:38 Blast Furnace
TheScRider
12:50 Feudal Age
17:05 Castle Age
16:19 Loom
18:10 Double-Bit Axe
21:29 Imperial Age
21:07 Chemistry
21:32 Fortified Wall
25:04 Ballistics
24:36 Fletching
30:34 Guard Tower
34:26 Conscription
41:48 Siege Engineers
43:14 Town Watch
45:32 Horse Collar
47:17 Pikeman
47:57 Squires
51:34 Bow Saw
Detective TOIR
10:52 Feudal Age
15:30 Castle Age
14:38 Double-Bit Axe
14:36 Horse Collar
17:17 Fervor
20:20 Bow Saw
21:04 Fletching
21:25 Forging
24:04 Squires
23:49 Gambesons
25:07 Arson
26:32 Wheelbarrow
27:38 Iron Casting
27:04 Scale Mail Armor
28:11 Hamask
32:01 Chain Mail Armor
35:15 Imperial Age
33:58 Hand Cart
35:16 Elite Jomsviking
36:23 Conscription
36:07 Gold Mining
36:09 Stone Mining
37:57 Blast Furnace
36:57 Elite Varangian Guard
38:38 Plate Mail Armor
40:15 Heavy Plow
41:14 Gold Shaft Mining
41:16 Stone Shaft Mining
40:50 Caravan
44:39 Pikeman
46:13 Halberdier
TonyMangtana
10:40 Feudal Age
11:45 Double-Bit Axe
14:25 Castle Age
13:10 Loom
14:42 Town Watch
14:43 Loom
15:17 Bow Saw
15:07 Horse Collar
20:14 Gold Mining
22:21 Wheelbarrow
26:10 Imperial Age
26:18 Imperial Age
25:02 Padded Archer Armor
26:16 Leather Archer Armor
28:18 Chemistry
27:49 Ring Archer Armor
27:48 Hand Cart
31:01 Elite Skirmisher
31:48 Thumb Ring
31:36 Fletching
31:58 Fortified Wall
32:29 Masonry
34:03 Bodkin Arrow
34:16 Siege Engineers
34:48 Bracer
36:00 Shatagni
36:21 Conscription
45:39 Gold Shaft Mining
53:39 Ballistics
ZZZ1
9:46 Feudal Age
13:23 Castle Age
11:26 Double-Bit Axe
22:43 Wheelbarrow
22:35 Bow Saw
24:40 Loom
27:58 Imperial Age
26:51 Gold Mining
27:25 Scale Barding Armor
28:28 Chain Barding Armor
28:32 Ballistics
28:55 Gold Shaft Mining
28:25 Husbandry
28:53 Hand Cart
28:01 Cavalier
29:52 Plate Barding Armor
30:05 Town Watch
30:33 Forging
31:32 Chemistry
30:39 Paladin
31:56 Chivalry
32:16 Conscription
31:44 Pikeman
32:24 Squires
34:31 Halberdier
36:24 Iron Casting
35:40 Fletching
35:50 Scale Mail Armor
37:40 Light Cavalry
43:11 Blast Furnace
42:06 Bodkin Arrow
42:27 Chain Mail Armor
42:02 Elite Skirmisher
47:17 Plate Mail Armor
52:29 Fortified Wall
FormulaHawk8575
11:27 Feudal Age
12:29 Town Watch
13:40 Double-Bit Axe
16:19 Castle Age
14:15 Gold Mining
15:05 Horse Collar
15:41 Loom
17:26 Bow Saw
18:06 Wheelbarrow
27:11 Redemption
33:04 Sanctity
37:44 Imperial Age
35:57 Scale Barding Armor
36:02 Forging
37:02 Gold Shaft Mining
37:36 Chain Barding Armor
37:29 Bloodlines
37:41 Husbandry
37:47 Heavy Camel Rider
40:14 Plate Barding Armor
40:03 Heavy Plow
44:00 Iron Casting
Connection lost

Rejoining the realm…

Still unreachable

The connection could not be restored.

Session expired

The server has moved on; the page needs a fresh start.